[Event "Titled Tuesday Blitz October 5 2021"]
[White "Rytenko, Vsevolod"]
[Black "Bazarov, Konstantin"]
[WhiteFideId "14133040"]
[BlackFideId "4137000"]
[WhiteElo "2200"]
[BlackElo "2084"]
[Result "0-1"]
[Round "06"]
[TimeControl "180+1"]
[Date "2021.10.05"]
[WhiteClock "0:00:10"]
[BlackClock "0:00:09"]

1. d4 Nf6 2. c4 d6 3. Nc3 c6 4. e4 Nbd7 5. f3 e5 6. Nge2 Be7 7. Be3 a6 8. Qd2 b5 9. Ng3 g6 10. Be2 h5 11. Rd1 h4 12. Nf1 Qa5 13. a3 b4 14. Nb1 Rb8 15. Kf2 Qa4 16. Bg5 Qb3 17. Ne3 Nxe4+ 18. fxe4 Bxg5 19. Bg4 Nf6 20. Bf3 Bd7 21. Rhe1 bxa3 22. bxa3 Qb2 23. dxe5 dxe5 24. Nc3 Qxd2+ 25. Rxd2 Ke7 26. Na4 Rhd8 27. Nc5 Be6 28. Red1 Rxd2+ 29. Rxd2 a5 30. Nxe6 Kxe6 31. Rd3 Rb2+ 32. Kf1 a4 33. c5 Bf4 34. Bd1 Bxh2 35. Bxa4 Nxe4 36. Bxc6 Nxc5 37. Rc3 Nd7 38. a4 f5 39. a5 f4 40. Nd5 Nf6 41. Nb6 Rb1+ 42. Ke2 Ra1 43. Kd3 Kd6 44. Nc4+ Kxc6 45. Nxe5+ Kd5 46. Nf3 Bg3 47. Kc2 Ne4 48. Re3 Nc5 49. Rc3 Ra2+ 50. Kb1 Rxa5 51. Rc2 Rb5+ 52. Kc1 Rb4 53. Rd2+ Kc4 54. Rc2+ Kb5 55. Rd2 Rc4+ 56. Kb1 Ra4 57. Kc1 Kc4 58. Rc2+ Kb4 59. Rb2+ Nb3+ 60. Kc2 Ra1 61. Rxb3+ Kc4 62. Rc3+ Kd5 63. Kd2 Ra2+ 64. Rc2 Rxc2+ 65. Kxc2 Ke4 66. Ng5+ Ke3 67. Kd1 Kf2 68. Kd2 Kxg2 69. Ke2 h3 70. Nxh3 Kxh3 71. Kf3 g5 72. Ke2 g4 73. Kf1 Kh2 74. Ke2 Kg2 75. Kd3 f3 76. Ke4 f2 0-1


[Site "https://www.chess.com"]

[Event "Titled Tuesday Blitz October 5 2021"]
[White "Sadhwani, Raunak"]
[Black "Gabrielian, Artur"]
[WhiteFideId "35093487"]
[BlackFideId "4131002"]
[WhiteElo "2517"]
[BlackElo "2489"]
[Result "0-1"]
[Round "06"]
[TimeControl "180+1"]
[Date "2021.10.05"]
[WhiteClock "0:01:00"]
[BlackClock "0:01:56"]

1. b3 Nf6 2. Bb2 g6 3. Nf3 Bg7 4. g3 O-O 5. Bg2 d6 6. d4 b5 7. Ne5 dxe5 8. Bxa8 c6 9. a4 b4 10. dxe5 Qxd1+ 11. Kxd1 Nd5 12. a5 Nc7 13. Bd4 Rd8 14. e3 c5 15. Bg2 cxd4 16. f4 f6 17. exf6 Bxf6 18. e4 e5 19. Nd2 Ne6 20. Rf1 d3 21. Nc4 dxc2+ 22. Kxc2 Nd4+ 23. Kb2 Nbc6 24. f5 gxf5 25. exf5 e4 26. Bxe4 Ne2+ 27. Kc2 Ncd4+ 28. Kd3 Nxb3+ 29. Kxe2 Nxa1 30. Ne3 Ba6+ 0-1


[Site "https://www.chess.com"]

[Event "Titled Tuesday Blitz October 5 2021"]
[White "Sadykov, Ramil"]
[Black "Akshat, Khamparia"]
[WhiteFideId "24113590"]
[BlackFideId "5016541"]
[WhiteElo "2300"]
[BlackElo "2237"]
[Result "1-0"]
[Round "06"]
[TimeControl "180+1"]
[Date "2021.10.05"]
[WhiteClock "0:02:02"]
[BlackClock "0:02:21"]

1. d4 d5 2. Nc3 Nf6 3. Bf4 c5 4. e3 e6 5. Nb5 Na6 6. c3 Be7 7. a4 O-O 8. Bd3 Ne4 9. Nf3 f5 10. O-O c4 11. Bc2 Bd7 12. Ne5 Qe8 13. f3 Qd8 14. fxe4 Be8 15. exf5 exf5 16. b3 g5 17. Bg3 cxb3 18. Bxb3 1-0


[Site "https://www.chess.com"]

[Event "Titled Tuesday Blitz October 5 2021"]
[White "Salimova, Nurgyul"]
[Black "Ibrahimli, Murad"]
[WhiteFideId "2915138"]
[BlackFideId "13410229"]
[WhiteElo "2071"]
[BlackElo "2109"]
[Result "0-1"]
[Round "06"]
[TimeControl "180+1"]
[Date "2021.10.05"]
[WhiteClock "0:00:12"]
[BlackClock "0:00:08"]

1. e4 c5 2. Nf3 d6 3. d4 cxd4 4. Nxd4 Nf6 5. Nc3 a6 6. Bg5 e6 7. f4 Qb6 8. Qd2 h6 9. Bh4 Qxb2 10. Rb1 Qa3 11. e5 dxe5 12. fxe5 Nfd7 13. Ne4 Qxa2 14. Rd1 Qd5 15. Qe3 Qxe5 16. Be2 Bc5 17. Bg3 Bxd4 18. Rxd4 Qa5+ 19. Rd2 O-O 20. Bd6 Re8 21. g4 f5 22. Ng3 fxg4 23. O-O Qb6 24. Qxb6 Nxb6 25. Bxg4 Nc4 26. Rd4 Nxd6 27. Rxd6 Nc6 28. Ne4 e5 29. Bh5 Rf8 30. Rb1 Bf5 31. Nc5 Nd4 32. Rxb7 Rac8 33. Nd7 Rfd8 34. c3 Nb5 35. Nf6+ gxf6 36. Rxf6 Be4 37. Bf7+ Kg7 38. Rbb6 Rd1+ 39. Kf2 Rxc3 40. Bh5 Rc2+ 41. Kg3 Rd3+ 42. Kg4 Rg2+ 43. Kh4 Rxh2+ 44. Kg4 Rg2+ 45. Kh4 Rh2+ 46. Kg4 Bf3+ 47. Rxf3 Rxf3 48. Rb7+ Kf8 49. Kxf3 Rxh5 50. Rb6 Kg7 51. Rxa6 Rg5 52. Rb6 Nd4+ 53. Ke4 Ne2 54. Kf3 Nf4 55. Rb7+ Kg6 56. Rb6+ Kf5 57. Rb5 Ne6 58. Rb8 Rg6 59. Rh8 Ng5+ 60. Ke3 Rc6 61. Rf8+ Kg4 62. Re8 Rc3+ 63. Kd2 Ne4+ 64. Ke2 Rc5 65. Ke3 Ng5 66. Ra8 h5 67. Ra4+ e4 68. Ra1 Rc3+ 69. Kd4 Rd3+ 70. Ke5 h4 71. Rg1+ Rg3 72. Rf1 h3 73. Rf4+ Kh5 74. Rf8 Rf3 75. Rh8+ Kg4 76. Kd4 Rd3+ 77. Ke5 e3 0-1


[Site "https://www.chess.com"]

[Event "Titled Tuesday Blitz October 5 2021"]
[White "Sanal, Vahap"]
[Black "Roman, Rodrigo"]
[WhiteFideId "6300545"]
[BlackFideId "3701220"]
[WhiteElo "2492"]
[BlackElo "2036"]
[Result "0-1"]
[Round "06"]
[TimeControl "180+1"]
[Date "2021.10.05"]
[WhiteClock "0:01:59"]
[BlackClock "0:01:39"]

1. d3 c5 2. Nd2 Nc6 3. Ngf3 Nf6 4. g3 g6 5. Bg2 Bg7 6. O-O O-O 7. e4 d6 8. c3 Bg4 9. h3 Bxf3 10. Nxf3 Nd7 11. Be3 Rb8 12. Qd2 Re8 13. Bh6 Bh8 14. Qf4 b5 15. Ng5 Bf6 16. Qh4 b4 17. f4 bxc3 18. e5 cxb2 19. Rab1 Bxg5 20. Qxg5 Nd4 21. f5 Nxe5 22. fxg6 hxg6 23. Qh4 Qa5 24. Bd5 Qc3 25. Qg5 Qxd3 26. Kh1 Ne2 27. Kh2 Qxd5 0-1


[Site "https://www.chess.com"]

[Event "Titled Tuesday Blitz October 5 2021"]
[White "Seletsky, Grigory"]
[Black "Avramidou, Anastasia"]
[WhiteFideId "14112191"]
[BlackFideId "4239873"]
[WhiteElo "2492"]
[BlackElo "2183"]
[Result "0-1"]
[Round "06"]
[TimeControl "180+1"]
[Date "2021.10.05"]
[WhiteClock "0:00:51"]
[BlackClock "0:01:02"]

1. e4 g6 2. Bc4 Bg7 3. Nc3 c6 4. f4 Nf6 5. Bb3 d5 6. d3 dxe4 7. Nxe4 Nxe4 8. dxe4 Qxd1+ 9. Kxd1 Bg4+ 10. Nf3 Na6 11. c3 Nc5 12. Bc2 O-O-O 13. Ke2 Bxf3+ 14. Kxf3 Rd7 15. Be3 Nd3 16. Bxd3 Rxd3 17. Rhd1 Rxd1 18. Rxd1 b6 19. a4 Rd8 20. Rxd8+ Kxd8 21. g4 e6 22. f5 exf5 23. exf5 Kd7 24. Ke4 Bf8 25. Bf4 b5 26. b3 a6 27. c4 bxa4 28. bxa4 Bd6 29. Be5 Ke7 30. Bxd6+ Kxd6 31. Kd4 c5+ 32. Ke4 g5 33. h3 a5 34. Kf3 Ke5 35. Ke3 f6 36. Kf3 Kd4 37. h4 h6 38. hxg5 hxg5 39. Ke2 Kxc4 40. Ke3 Kb4 41. Ke4 c4 42. Kd5 c3 43. Ke6 c2 44. Kxf6 c1=Q 45. Kg6 Qf4 46. f6 Qxg4 47. f7 Qf4 48. Kg7 g4 49. f8=B+ Qxf8+ 50. Kxf8 g3 0-1


[Site "https://www.chess.com"]

[Event "Titled Tuesday Blitz October 5 2021"]
[White "Seliverstov, Vladimir"]
[Black "Yoo, Christopher Woojin"]
[WhiteFideId "4192036"]
[BlackFideId "30909694"]
[WhiteElo "2489"]
[BlackElo "2105"]
[Result "0-1"]
[Round "06"]
[TimeControl "180+1"]
[Date "2021.10.05"]
[WhiteClock "0:00:17"]
[BlackClock "0:00:30"]

1. d4 Nf6 2. Bf4 c5 3. e3 Nd5 4. Bg3 Qb6 5. Nc3 Nxc3 6. bxc3 e6 7. Bd3 d5 8. Nf3 Nc6 9. O-O c4 10. Be2 Be7 11. h4 O-O 12. h5 h6 13. Nh4 Bd7 14. f4 Qd8 15. Qe1 Bf6 16. Bf2 b5 17. g4 a5 18. Nf3 Be7 19. Kh1 f6 20. Rg1 e5 21. g5 fxg5 22. Nxe5 Nxe5 23. fxe5 Be6 24. Bg3 Qd7 25. Rf1 Bf5 26. Qd2 b4 27. Bf3 bxc3 28. Qg2 Rad8 29. Kh2 g4 30. Bd1 Be4 31. Qg1 Rxf1 32. Qxf1 Rf8 33. Qg1 Qf5 34. Bf4 Qxh5+ 35. Kg3 Qh4# 0-1


[Site "https://www.chess.com"]

[Event "Titled Tuesday Blitz October 5 2021"]
[White "Seo, Jung Min"]
[Black "Mezentsev, Ivan"]
[WhiteFideId "1734687"]
[BlackFideId "13706195"]
[WhiteElo "2486"]
[BlackElo "2295"]
[Result "1-0"]
[Round "06"]
[TimeControl "180+1"]
[Date "2021.10.05"]
[WhiteClock "0:00:15"]
[BlackClock "0:00:07"]

1. d4 Nf6 2. c4 g6 3. Nc3 Bg7 4. e4 d6 5. f3 O-O 6. Be3 e5 7. Nge2 c6 8. Qd2 Nbd7 9. d5 cxd5 10. cxd5 a6 11. Nc1 Nh5 12. Be2 f5 13. O-O Ndf6 14. Nd3 Bd7 15. b4 Rc8 16. a4 fxe4 17. fxe4 Ng4 18. Bxg4 Bxg4 19. Rxf8+ Bxf8 20. b5 Qa5 21. Rc1 Bg7 22. Qb2 Nf4 23. Nf2 Bd7 24. Bd2 axb5 25. axb5 Qb6 26. Na4 Rxc1+ 27. Bxc1 Qxb5 28. Qxb5 Bxb5 29. Nc3 Ne2+ 30. Nxe2 Bxe2 31. Ba3 Bf8 32. Nh3 Be7 33. Kf2 Bd3 34. Ke3 Bf1 35. Kf2 Bc4 36. Ke3 Kf7 37. Ng1 Ke8 38. Nf3 Kd7 39. Nd2 Bb5 40. Bb4 Bg5+ 41. Kf3 Bd3 42. g3 h5 43. h4 Bh6 44. Nb3 b6 45. Nd2 Bc2 46. Nc4 Bd1+ 47. Kf2 b5 48. Na5 Bc2 49. Kf3 1-0


[Site "https://www.chess.com"]

[Event "Titled Tuesday Blitz October 5 2021"]
[White "Silvestre, Christian"]
[Black "Cunha, Lucas Aguiar"]
[WhiteFideId "30956269"]
[BlackFideId "2125404"]
[WhiteElo "2502"]
[BlackElo "2361"]
[Result "1/2-1/2"]
[Round "06"]
[TimeControl "180+1"]
[Date "2021.10.05"]
[WhiteClock "0:00:11"]
[BlackClock "0:00:07"]

1. Nf3 d5 2. b3 c5 3. e3 a6 4. c4 Nc6 5. cxd5 Qxd5 6. Bb2 Bg4 7. Be2 Nf6 8. h3 Bh5 9. Nc3 Qd6 10. d3 Rd8 11. O-O e5 12. Ne4 Nxe4 13. dxe4 Qc7 14. Qc1 Bg6 15. Qc2 Be7 16. a3 O-O 17. Rfd1 Rc8 18. Rd5 f6 19. Rad1 Nb8 20. Bc4 Kh8 21. a4 Be8 22. Nh4 b5 23. axb5 axb5 24. Bf1 g6 25. f4 Bf7 26. fxe5 Bxd5 27. exd5 fxe5 28. Nxg6+ hxg6 29. d6 Bxd6 30. Qxg6 Rcd8 31. Bd3 c4 32. Qh5+ Kg8 33. bxc4 b4 34. c5 Qf7 35. Bc4 Qxc4 36. Qg6+ Kh8 37. Qh6+ Kg8 38. Qg6+ Kh8 39. Qh6+ Kg8 40. Qg6+ 1/2-1/2


[Site "https://www.chess.com"]

[Event "Titled Tuesday Blitz October 5 2021"]
[White "Skuhala, Barbara"]
[Black "King, Alexander"]
[WhiteFideId "14605465"]
[BlackFideId "2063620"]
[WhiteElo "2121"]
[BlackElo "2306"]
[Result "0-1"]
[Round "06"]
[TimeControl "180+1"]
[Date "2021.10.05"]
[WhiteClock "0:01:30"]
[BlackClock "0:00:03"]

1. e4 c5 2. Nf3 e6 3. g3 Nf6 4. d3 d5 5. exd5 exd5 6. Bg2 Bd6 7. O-O O-O 8. d4 c4 9. c3 h6 10. b3 cxb3 11. axb3 Nc6 12. c4 Bg4 13. h3 Be6 14. c5 Bc7 15. Bd2 a5 16. Nc3 Qd7 17. g4 Rfe8 18. Nb5 Bb8 19. Nc3 Ne4 20. Re1 f5 21. g5 Nxd2 22. Qxd2 f4 23. gxh6 gxh6 24. Kh2 Qf7 25. Rg1 Kh8 26. Rae1 Bc7 27. h4 Bg4 28. Bh1 Bxf3 29. Bxf3 Qf6 30. Rg4 Nxd4 31. Bd1 f3+ 32. Kh1 Rxe1+ 33. Qxe1 Rg8 34. Rxg8+ Kxg8 35. Qe8+ Kg7 36. Nxd5 Qxh4+ 37. Kg1 Qh2+ 38. Kf1 Qh1# 0-1


[Site "https://www.chess.com"]

[Event "Titled Tuesday Blitz October 5 2021"]
[White "Snehal, Bhosale"]
[Black "Baskin, Robert"]
[WhiteFideId "5021995"]
[BlackFideId "24662402"]
[WhiteElo "2103"]
[BlackElo "2521"]
[Result "0-1"]
[Round "06"]
[TimeControl "180+1"]
[Date "2021.10.05"]
[WhiteClock "0:00:25"]
[BlackClock "0:00:37"]

1. d4 Nf6 2. Nf3 d5 3. c4 dxc4 4. e3 e6 5. Bxc4 c5 6. O-O a6 7. Nc3 b5 8. Bd3 Bb7 9. Re1 Nbd7 10. e4 cxd4 11. Nxd4 Qb8 12. Bg5 Bd6 13. Nf3 Ne5 14. Nxe5 Bxe5 15. h3 O-O 16. Qd2 Rd8 17. Rad1 h6 18. Be3 Nxe4 19. Nxe4 Bxe4 20. Qc2 Rxd3 21. Rxd3 Qb7 22. Rd7 Qxd7 23. Qxe4 Qd5 24. Qb4 Rc8 25. a4 Rc4 26. Qa5 Rxa4 27. Qb6 Bd4 28. Qb8+ Kh7 29. Rd1 Qe5 30. Qxe5 Bxe5 31. b3 Ra3 32. Rd3 Ra1+ 0-1


[Site "https://www.chess.com"]

[Event "Titled Tuesday Blitz October 5 2021"]
[White "Stojanovski, Sandi"]
[Black "Shkapenko, Pavel"]
[WhiteFideId "1403249"]
[BlackFideId "4151933"]
[WhiteElo "2286"]
[BlackElo "2386"]
[Result "1/2-1/2"]
[Round "06"]
[TimeControl "180+1"]
[Date "2021.10.05"]
[WhiteClock "0:00:02"]
[BlackClock "0:00:16"]

1. c4 e6 2. Nf3 d5 3. cxd5 exd5 4. d4 g6 5. Bf4 Bg7 6. e3 Ne7 7. Bd3 O-O 8. O-O c6 9. Nc3 Bf5 10. b4 Bxd3 11. Qxd3 Nd7 12. b5 c5 13. Bd6 c4 14. Bxe7 Qxe7 15. Nxd5 cxd3 16. Nxe7+ Kh8 17. Nd5 Rac8 18. Rac1 Rfd8 19. Nf4 Bf8 20. Nxd3 Ba3 21. Rxc8 Rxc8 22. Ng5 Kg7 23. f4 Rc3 24. Ne5 Nb6 25. Ngxf7 Rxe3 26. f5 gxf5 27. Rxf5 Nd5 28. Nf3 Nc3 29. h4 Re2 30. N7g5 h6 31. Rf7+ Kg6 32. Ne5+ Rxe5 33. dxe5 hxg5 34. Rxb7 gxh4 35. Kh2 Bc5 36. Kh3 Kf5 37. a4 Kxe5 38. Kxh4 Nxa4 39. g4 Nc3 40. g5 Nd5 41. g6 Be7+ 42. Kh5 Nf6+ 43. Kh6 Ng4+ 44. Kh7 Nf6+ 45. Kh6 Ng4+ 46. Kh7 Nf6+ 47. Kh6 1/2-1/2


[Site "https://www.chess.com"]

[Event "Titled Tuesday Blitz October 5 2021"]
[White "Stoyanov, Tsvetan"]
[Black "Mekhitarian, Krikor Sevag"]
[WhiteFideId "2917173"]
[BlackFideId "2107660"]
[WhiteElo "2191"]
[BlackElo "2598"]
[Result "0-1"]
[Round "06"]
[TimeControl "180+1"]
[Date "2021.10.05"]
[WhiteClock "0:00:12"]
[BlackClock "0:00:17"]

1. e4 c5 2. Nf3 e6 3. d4 cxd4 4. Nxd4 Nc6 5. Nc3 a6 6. Be3 Nf6 7. a3 Qc7 8. Be2 Be7 9. O-O O-O 10. f4 d6 11. Qe1 Bd7 12. Qg3 Nxd4 13. Bxd4 Bc6 14. Bd3 b5 15. Kh1 Qb7 16. Rae1 b4 17. axb4 Qxb4 18. Bxf6 Bxf6 19. e5 dxe5 20. fxe5 Be7 21. Ne4 Bxe4 22. Rxe4 Qxb2 23. Rg4 g6 24. h4 Kh8 25. h5 Rad8 26. Kh2 Rd5 27. Re4 Rd4 28. hxg6 hxg6 29. Rff4 Rxe4 30. Bxe4 Kg7 31. Rf1 Rh8+ 32. Kg1 Bc5+ 0-1


[Site "https://www.chess.com"]

[Event "Titled Tuesday Blitz October 5 2021"]
[White "Stribuk, Artiom"]
[Black "Melian, Juan Sebastian"]
[WhiteFideId "13515659"]
[BlackFideId "3706575"]
[WhiteElo "2224"]
[BlackElo "1672"]
[Result "1-0"]
[Round "06"]
[TimeControl "180+1"]
[Date "2021.10.05"]
[WhiteClock "0:00:07"]
[BlackClock "0:00:04"]

1. d4 Nf6 2. c4 e6 3. Nc3 Bb4 4. a3 Bxc3+ 5. bxc3 O-O 6. e3 b6 7. Bd3 Bb7 8. f3 d5 9. Ne2 c5 10. O-O dxc4 11. Bxc4 Ba6 12. Bxa6 Nxa6 13. e4 Qc8 14. Be3 Qc6 15. Qb3 Rac8 16. Rfc1 h6 17. a4 Rfd8 18. Qb5 Qb7 19. a5 Nc7 20. Qb2 Qc6 21. axb6 axb6 22. Rcb1 Rb8 23. Ra7 Nd7 24. Bf4 Rb7 25. Rxb7 Qxb7 26. Be3 Qa8 27. Kf2 Rb8 28. Ra1 Qc6 29. Ra7 Rb7 30. Rxb7 Qxb7 31. dxc5 b5 32. Nd4 Nxc5 33. Ke2 Na4 34. Qb4 Qa6 35. Nb3 Qc6 36. Bd4 Kh7 37. Nc5 Nxc5 38. Qxc5 Qxc5 39. Bxc5 Na6 40. Bf8 Kg8 41. Ba3 f6 42. Kd3 Kf7 43. f4 g6 44. Kd4 Ke8 45. g4 Kd7 46. h4 h5 47. f5 exf5 48. exf5 hxg4 49. fxg6 Ke6 50. Ke4 f5+ 51. Kf4 Kf6 52. h5 Nc7 53. c4 Ne6+ 54. Kg3 Kg5 55. cxb5 Kxh5 56. b6 Nd8 57. g7 f4+ 58. Kxf4 Ne6+ 59. Kg3 Nxg7 60. b7 Nf5+ 61. Kh2 g3+ 62. Kg1 Kg4 63. b8=Q Kf3 64. Qf8 Kg4 65. Bd6 Nh4 66. Bxg3 Kxg3 67. Qg7+ Kh3 68. Kf1 1-0


[Site "https://www.chess.com"]

[Event "Titled Tuesday Blitz October 5 2021"]
[White "Tabatabaei, M. Amin"]
[Black "Visakh N R"]
[WhiteFideId "12521213"]
[BlackFideId "25012223"]
[WhiteElo "2555"]
[BlackElo "2454"]
[Result "0-1"]
[Round "06"]
[TimeControl "180+1"]
[Date "2021.10.05"]
[WhiteClock "0:00:05"]
[BlackClock "0:00:04"]

1. b3 g6 2. Bb2 Nf6 3. Nf3 Bg7 4. g3 O-O 5. Bg2 c5 6. c4 Nc6 7. O-O b6 8. Ne5 Bb7 9. Nxc6 Bxc6 10. Bxc6 dxc6 11. d3 Qd7 12. Kg2 h5 13. Nd2 h4 14. Nf3 h3+ 15. Kg1 Rad8 16. a3 Rfe8 17. b4 Qd6 18. Be5 Qe6 19. bxc5 bxc5 20. Qa4 Ng4 21. Bxg7 Qxe2 22. Qxc6 Kxg7 23. Rae1 Qxd3 24. Ng5 Qf5 25. Nxh3 Ne5 26. Rxe5 Qxe5 27. Nf4 Rh8 28. h4 Rd4 29. Ng2 Rhd8 30. Ne3 Rd3 31. Re1 Qc3 32. Kf1 Qxa3 33. h5 R8d6 34. Qe4 Re6 35. Qf4 Rd4 36. Qg5 Qd3+ 37. Kg1 Kg8 38. hxg6 Qxg6 39. Qxc5 Rde4 40. Qxa7 Qg5 41. Qb8+ Kh7 42. Kg2 Rh6 43. Qb1 Qg6 44. c5 Re5 45. Qxg6+ Rxg6 46. Rc1 Rc6 47. Rd1 Rexc5 48. Rd7 Rc7 49. Rd8 e6 50. g4 Kg7 51. Kf3 Ra5 52. Rd1 Ra2 53. Rf1 Rb7 54. Kg3 Rb3 55. Kf3 Kf6 56. Kf4 Ra4+ 57. Kg3 Ke5 58. Rh1 Raa3 59. Rh5+ Ke4 60. Rh7 Rxe3+ 61. fxe3 Rxe3+ 62. Kh4 Rf3 63. Kg5 e5 64. Rh8 Ke3 65. Kh6 e4 66. Re8 Rf4 67. g5 Kf3 68. Kg7 e3 69. Re7 e2 70. Rxf7 Rxf7+ 71. Kxf7 e1=Q 72. g6 Qa5 73. g7 Qf5+ 74. Ke7 Qg6 75. Kf8 Qf6+ 76. Kg8 Kg4 77. Kh7 Qh4+ 78. Kg6 Qh5+ 79. Kf6 Qe8 0-1


[Site "https://www.chess.com"]

[Event "Titled Tuesday Blitz October 5 2021"]
[White "Tasev, Dejan"]
[Black "Jary, Sergey"]
[WhiteFideId "936618"]
[BlackFideId "14110350"]
[WhiteElo "2253"]
[BlackElo "2260"]
[Result "1-0"]
[Round "06"]
[TimeControl "180+1"]
[Date "2021.10.05"]
[WhiteClock "0:00:07"]
[BlackClock "0:00:01"]

1. e4 c5 2. Nf3 Nc6 3. Nc3 g6 4. d4 cxd4 5. Nxd4 Bg7 6. Be3 Nf6 7. Bc4 O-O 8. Bb3 a5 9. O-O a4 10. Nxa4 Nxe4 11. Nb5 d6 12. f3 Nc5 13. Nxc5 dxc5 14. Qxd8 Rxd8 15. Rad1 b6 16. Rxd8+ Nxd8 17. Nc7 Ra7 18. Nd5 Nc6 19. Nxb6 Bf5 20. c3 Ne5 21. Rd1 h5 22. Bxc5 Nd3 23. Be3 Nxb2 24. Rd8+ Kh7 25. Bxf7 Bxc3 26. Bg8+ Kg7 27. Bb3 Bf6 28. Nd5 Ra5 29. Nxf6 exf6 30. Bd4 Nd3 31. Rg8+ Kh7 32. Bxf6 g5 33. Bf7 Bg6 34. Rxg6 Ra6 35. Rg7+ Kh6 36. Bd4 Nf4 37. Ba1 Rd6 38. g4 Rd1+ 39. Kf2 Rxa1 40. Rg8 Rxa2+ 41. Ke3 Re2+ 42. Kd4 Kh7 43. Rxg5 Rxh2 44. gxh5 Rf2 45. Ke3 Nh3 46. Rg3 Rh2 47. Be6 Ng1 48. Bf5+ Kh6 49. Rxg1 Rxh5 50. Be4 Rh2 51. Rg6+ Kh5 52. Rg7 Ra2 53. Kf4 1-0


[Site "https://www.chess.com"]

[Event "Titled Tuesday Blitz October 5 2021"]
[White "Vega Gutierrez, Sabrina"]
[Black "Silich, Yahor"]
[WhiteFideId "2219026"]
[BlackFideId "13513656"]
[WhiteElo "2286"]
[BlackElo "2070"]
[Result "0-1"]
[Round "06"]
[TimeControl "180+1"]
[Date "2021.10.05"]
[WhiteClock "0:00:03"]
[BlackClock "0:01:23"]

1. e4 c5 2. Nf3 Nc6 3. d4 cxd4 4. Nxd4 Qb6 5. Nb3 Nf6 6. Qe2 e6 7. Bd2 d5 8. exd5 Nxd5 9. c4 Nf6 10. Nc3 Be7 11. c5 Qc7 12. Nb5 Qb8 13. O-O-O O-O 14. Bg5 b6 15. Nd6 bxc5 16. Nxc8 Rxc8 17. Kb1 Nd5 18. Bxe7 Ncxe7 19. Qc4 a5 20. Bd3 a4 21. Nd2 a3 22. b3 Qe5 23. Qc2 Nb4 24. Nf3 Qf6 25. Qc1 Ned5 0-1


[Site "https://www.chess.com"]

[Event "Titled Tuesday Blitz October 5 2021"]
[White "Vlachos, Anatole"]
[Black "Dang, Hoang Son"]
[WhiteFideId "26093189"]
[BlackFideId "12402435"]
[WhiteElo "2350"]
[BlackElo "2248"]
[Result "1-0"]
[Round "06"]
[TimeControl "180+1"]
[Date "2021.10.05"]
[WhiteClock "0:01:21"]
[BlackClock "0:00:07"]

1. Nf3 g6 2. g3 Bg7 3. Bg2 d6 4. O-O Nf6 5. c4 O-O 6. Nc3 Nc6 7. Rb1 e5 8. d3 Re8 9. Qc2 a6 10. b4 Nd4 11. Nxd4 exd4 12. Nd5 c6 13. Nxf6+ Qxf6 14. e4 Be6 15. f4 Qe7 16. c5 dxc5 17. bxc5 f5 18. Bb2 fxe4 19. Bxe4 Bxa2 20. Rbe1 Qf7 21. f5 gxf5 22. Rxf5 Qxf5 23. Bxf5 Rxe1+ 24. Kf2 Rae8 25. Be4 Rb1 26. Bc1 Rf8+ 27. Kg2 Rxc1 28. Qxc1 Be6 29. Qb2 Rf7 30. Qb6 Bf6 31. h3 Kg7 32. Qa7 Bg5 33. Qb8 Be3 34. Qe5+ Rf6 35. g4 a5 36. g5 Bxg5 37. Qxg5+ Kf7 38. Qe5 a4 39. Qc7+ Kg8 40. Qxh7+ Kf8 41. Qxb7 a3 42. Qa8+ 1-0


[Site "https://www.chess.com"]

[Event "Titled Tuesday Blitz October 5 2021"]
[White "Vokhidov, Shamsiddin"]
[Black "Harshavardhan G B"]
[WhiteFideId "14204223"]
[BlackFideId "25059009"]
[WhiteElo "2616"]
[BlackElo "1825"]
[Result "1-0"]
[Round "06"]
[TimeControl "180+1"]
[Date "2021.10.05"]
[WhiteClock "0:00:10"]
[BlackClock "0:00:01"]

1. e4 e5 2. Nf3 Nc6 3. Bb5 Nf6 4. d3 d6 5. O-O Bd7 6. Re1 g6 7. d4 exd4 8. e5 Nxe5 9. Nxe5 dxe5 10. Rxe5+ Be7 11. Qe2 c6 12. Bc4 Ng4 13. Re4 Bf5 14. Rxg4 Bxg4 15. Qxg4 O-O 16. Bh6 Re8 17. Nd2 b5 18. Bd3 Bf8 19. Bxf8 Kxf8 20. Ne4 Kg7 21. Qf4 f5 22. Ng5 c5 23. Bxb5 Re7 24. Bc4 Qb6 25. b3 Rae8 26. g3 h6 27. Nf3 Re4 28. Qd2 Qc6 29. a4 a6 30. Re1 g5 31. Bd3 Rxe1+ 32. Nxe1 Qe6 33. Kf1 f4 34. Nf3 Qd5 35. Qd1 Qe6 36. Ng1 fxg3 37. hxg3 Rf8 38. Qe2 Qf6 39. Kg2 Rf7 40. Qf3 Qe5 41. Qe4 Qf6 42. Nf3 Kf8 43. Qd5 g4 44. Qxc5+ Kg7 45. Ng1 Qxf2+ 46. Kh1 Qe3 47. Qd5 1-0


[Site "https://www.chess.com"]

[Event "Titled Tuesday Blitz October 5 2021"]
[White "Wagner, Dennis"]
[Black "Girinath, P.D.S."]
[WhiteFideId "24650684"]
[BlackFideId "5000572"]
[WhiteElo "2355"]
[BlackElo "2333"]
[Result "1-0"]
[Round "06"]
[TimeControl "180+1"]
[Date "2021.10.05"]
[WhiteClock "0:00:35"]
[BlackClock "0:00:01"]

1. d4 Nf6 2. c4 g6 3. h4 d6 4. Nc3 h6 5. e4 c6 6. Be2 e5 7. Be3 Bg7 8. d5 c5 9. Qd2 Nbd7 10. Nh3 Nf8 11. f3 Bxh3 12. Rxh3 Nh5 13. Kf2 Nd7 14. g3 a6 15. f4 exf4 16. gxf4 Nhf6 17. h5 Qe7 18. hxg6 fxg6 19. Rg1 O-O-O 20. Rxg6 Rhf8 21. Bf3 Qf7 22. Rhg3 Bh8 23. Rxh6 Rde8 24. Qd1 Rg8 25. Rxg8 Rxg8 26. Qh1 Qg7 27. Rh3 Qf8 28. Ne2 Kc7 29. b3 Bg7 30. Rg3 Bh8 31. Rxg8 Qxg8 32. Qh3 b5 33. Ng3 bxc4 34. bxc4 Qb8 35. Be2 Bg7 36. Qe6 Qb2 37. Nf5 Bh8 38. e5 1-0


[Site "https://www.chess.com"]

[Event "Titled Tuesday Blitz October 5 2021"]
[White "Warmerdam, Max"]
[Black "Nesterov, Arseniy"]
[WhiteFideId "1048104"]
[BlackFideId "24198455"]
[WhiteElo "2537"]
[BlackElo "2494"]
[Result "1-0"]
[Round "06"]
[TimeControl "180+1"]
[Date "2021.10.05"]
[WhiteClock "0:00:55"]
[BlackClock "0:00:01"]

1. e4 e5 2. Nf3 Nc6 3. d4 exd4 4. Nxd4 Bb4+ 5. c3 Bc5 6. Be3 Bb6 7. Nf5 d5 8. Nxg7+ Kf8 9. Nh5 Bxe3 10. fxe3 Qg5 11. Nf4 dxe4 12. Nd2 Nf6 13. Be2 Bf5 14. O-O Rd8 15. Qe1 h5 16. Rd1 h4 17. Qf2 Kg7 18. Nh5+ Nxh5 19. Qxf5 Qxf5 20. Rxf5 Nf6 21. Rg5+ Kh6 22. Rf5 Kg7 23. Rf4 Ne5 24. Nxe4 Rxd1+ 25. Bxd1 Rd8 26. Bb3 Nfg4 27. Rf5 f6 28. h3 Nxe3 29. Rxf6 Nd3 30. Rf7+ Kg6 31. Rf6+ Kg7 32. Rf3 Nd5 33. Rxd3 1-0


[Site "https://www.chess.com"]

[Event "Titled Tuesday Blitz October 5 2021"]
[White "Weetik, Vjacheslav"]
[Black "Nilsen, Tobias Lang"]
[WhiteFideId "4153472"]
[BlackFideId "1521624"]
[WhiteElo "2469"]
[BlackElo "1975"]
[Result "0-1"]
[Round "06"]
[TimeControl "180+1"]
[Date "2021.10.05"]
[WhiteClock "0:00:04"]
[BlackClock "0:00:49"]

1. e4 e6 2. d4 d5 3. Nc3 Bb4 4. exd5 exd5 5. Bd3 Ne7 6. Qh5 Nbc6 7. a3 Ba5 8. Nf3 Be6 9. O-O Qd7 10. h3 O-O-O 11. Na4 Bb6 12. Nxb6+ axb6 13. Bd2 g6 14. Qh6 Bf5 15. Bb5 Be4 16. Qf4 f6 17. Rfe1 Rdf8 18. a4 g5 19. Qe3 h5 20. a5 bxa5 21. Rxa5 Qd6 22. Ra8+ Nb8 23. Nh2 Nf5 24. Qa3 Qxa3 25. bxa3 Nd6 26. Bf1 Nf5 27. c3 Nd6 28. Nf3 Bxf3 29. gxf3 Kd7 30. Bd3 Nc6 31. Rxf8 Rxf8 32. Kg2 Ra8 33. h4 gxh4 34. Rh1 Rxa3 35. Rxh4 Nb4 36. Bg6 Na2 37. Rxh5 c6 38. Rh7+ Ke6 39. Bf4 Rb3 40. Bxd6 Kxd6 41. Rf7 Ke6 42. Rc7 Nxc3 43. f4 Ne4 44. f5+ Kd6 45. Rf7 Rb2 46. Kf3 Rxf2+ 47. Ke3 Rb2 48. Rf8 b5 49. Re8 b4 50. Re6+ Kd7 51. Be8+ Kc7 52. Bxc6 Rb3+ 53. Kf4 Nc3 54. Rxf6 Rb1 55. Be8 b3 56. Rc6+ Kd8 57. Rxc3 Kxe8 58. Ke5 b2 59. Kxd5 Rf1 60. Rc8+ Kd7 0-1


[Site "https://www.chess.com"]